 Dungeon Sprint DCSS version 0.27.1-33-g824d729ab1 (webtiles) character file.

Game seed: 1450256570156193502

638 manyhoops the Fighter (level 7, -6/115 HPs)
             Began as a Minotaur Berserker on Nov 25, 2021.
             Was a Priest of Trog.
             Succumbed to Sonja's poison
             ... in the Dungeon (Sprint I: "Red Sonja").
             The game lasted 00:01:42 (315 turns).

manyhoops the Fighter (Minotaur Berserker)           Turns: 315, Time: 00:01:43

Health: -6/115     AC:  3    Str: 24    XL:     7   Next: 25%
Magic:  6/6        EV: 13    Int:  4    God:    Trog [***...]
Gold:   419        SH:  0    Dex:  9    Spells: 6/6 levels left

rFire    . . .     SeeInvis .   a - +0 hand axe
rCold    . . .     Faith    .   (no shield)
rNeg     . . .     Spirit   .   j - +0 leather armour
rPois    .         Reflect  .   (helmet restricted)
rElec    .         Harm     .   (no cloak)
rCorr    .         Rampage  .   (no gloves)
Will     .....     NoTele   +   (no boots)
Stlth    ..........             (no amulet)
HPRegen  0.29/turn              (no ring)
MPRegen  0.10/turn              (no ring)

@: berserking, lethally poisoned (-6 -> -63), hasted, very quick
A: horns 2, retaliatory headbutt
a: Renounce Religion, Berserk, Trog's Hand


You were in the Dungeon.
You worshipped Trog.
Trog was most pleased with you.
You visited 1 branch You collected 419 gold pieces.

Inventory:

Hand Weapons
 a - a +0 hand axe (weapon)
Missiles
 k - 10 poisoned darts (quivered)
Armour
 b - a +0 animal skin
 j - a +0 leather armour (worn)
Scrolls
 h - a scroll of blinking
Potions
 c - a potion of curing
 d - a potion of heal wounds
 f - 2 potions of magic
 g - a potion of berserk rage
 i - a potion of lignification {unknown}


   Skills:
 + Level 12.2 Fighting
 + Level 12.1 Axes
 + Level 6.5 Armour
 + Level 5.9 Dodging


You had 6 spell levels left.
You didn't know any spells.
Your spell library was empty.

Dungeon Overview and Level Annotations

Branches:
Dungeon (1/1)

Altars:
Cheibriados
Dithmenos
Elyvilon
Fedhas
Gozag
Hepliaklqana
Kikubaaqudgha
Makhleb
Nemelex Xobeh
Okawaru
Qazlal
Ru
Sif Muna
Trog
Uskayaw
Vehumet
Wu Jian
Xom
Yredelemnul
Zin
The Shining One
Jiyva
Lugonu

Shops:
D ?

Annotations:
D Sonja


Innate Abilities, Weirdness & Mutations

You have a pair of horns on your head.
You reflexively headbutt those who attack you in melee.


Message History

You are more poisoned.
Sonja hits you but does no damage.
Unknown command.
Unknown command.
You miss Sonja. Your headbutt misses Sonja.
Sonja is heavily wounded.
You feel very sick.
Unknown command.
You barely miss Sonja. Your headbutt misses Sonja.
Sonja is heavily wounded.
You feel very sick.
Sonja hits you with a +1 short sword of venom!
You are lethally poisoned!
Sonja hits you with a +1 short sword of venom.
* * * LOW HITPOINT WARNING * * *
You are more poisoned.
Sonja hits you with a +1 short sword of venom.
* * * LOW HITPOINT WARNING * * *
You are more poisoned.
You hit Sonja.
Sonja is severely wounded.
* * * LOW HITPOINT WARNING * * *
You feel extremely sick. Sonja completely misses you.
Sonja hits you with a +1 short sword of venom.
* * * LOW HITPOINT WARNING * * *
You are more poisoned.
Sonja barely misses you.
You hit Sonja. Your headbutt misses Sonja.
Sonja is severely wounded.
* * * LOW HITPOINT WARNING * * *
You feel extremely sick.
Unknown command.
You barely miss Sonja. Your headbutt misses Sonja.
Sonja is severely wounded.
* * * LOW HITPOINT WARNING * * *
You feel extremely sick.
Sonja mumbles some strange words.
Sonja blinks!
You die...

######################
#<.#..').#..'..#__#..+
#..').#..').#..'..+..#
#..#####'#####K#__####
#..####..#...#.####§
#..#__####..##.#≈≈§§
#..#_____##'#_.+≈§§
#⌠⌠#_.∩...†..@_#
####_..__##_.#'#
#_____###'#.# #######
#.### $.$ #$.$# ##.##
#+#


You could see Sonja.

Vanquished Creatures
  A slime creature (D)
  Sigmund (D)
  A yak (D)
  An ogre (D)
  A jelly (D)
  Ijyb (D)
6 creatures vanquished.

Notes
Turn   | Place    | Note
-------+----------+-------------------------------------------
     0 | D        | manyhoops the Minotaur Berserker began the quest for the
                  | Orb.
     0 | D        | Reached XP level 1. HP: 19/19 MP: 0/0
     2 | D        | Noticed Ijyb
     6 | D        | Killed Ijyb
     7 | D        | Reached skill level 5 in Fighting
     7 | D        | Reached skill level 5 in Axes
     7 | D        | Reached XP level 2. HP: 29/29 MP: 1/1
    22 | D        | Noticed an ogre
    26 | D        | Killed an ogre
    27 | D        | Reached XP level 3. HP: 38/40 MP: 2/2
    27 | D        | Reached XP level 4. HP: 46/48 MP: 3/3
   129 | D        | Noticed Sigmund
   136 | D        | Killed Sigmund
   136 | D        | Reached ** piety under Trog
   137 | D        | Reached skill level 10 in Fighting
   137 | D        | Reached skill level 10 in Axes
   137 | D        | Reached skill level 5 in Armour
   137 | D        | Reached XP level 5. HP: 58/58 MP: 4/4
   137 | D        | Reached XP level 6. HP: 66/66 MP: 5/5
   172 | D        | Found a shimmering blue altar of Sif Muna.
   173 | D        | Found an ornate altar of the Wu Jian Council.
   174 | D        | Found a radiant altar of Vehumet.
   199 | D        | Found Opoj's Magic Scroll Emporium.
   199 | D        | Found an ancient bone altar of Kikubaaqudgha.
   199 | D        | Found a hazy altar of Hepliaklqana.
   199 | D        | Found a stormy altar of Qazlal.
   199 | D        | Found a hide-covered altar of Uskayaw.
   199 | D        | Found a blossoming altar of Fedhas.
   199 | D        | Found a bloodstained altar of Trog.
   199 | D        | Found an iron altar of Okawaru.
   199 | D        | Found a basalt altar of Yredelemnul.
   199 | D        | Found a glowing golden altar of the Shining One.
   199 | D        | Found a snail-covered altar of Cheibriados.
   199 | D        | Found a sacrificial altar of Ru.
   199 | D        | Found a glowing silver altar of Zin.
   199 | D        | Found a shadowy altar of Dithmenos.
   199 | D        | Found a white marble altar of Elyvilon.
   199 | D        | Noticed a yak
   203 | D        | Killed a yak
   204 | D        | Reached skill level 5 in Dodging
   204 | D        | Found an opulent altar of Gozag.
   205 | D        | Found a sparkling altar of Nemelex Xobeh.
   252 | D        | Found a viscous altar of Jiyva.
   252 | D        | Found a corrupted altar of Lugonu.
   252 | D        | Noticed a slime creature
   257 | D        | Killed a slime creature
   257 | D        | Reached *** piety under Trog
   258 | D        | Reached XP level 7. HP: 77/77 MP: 6/6
   270 | D        | Found a burning altar of Makhleb.
   270 | D        | Found a shimmering altar of Xom.
   298 | D        | Noticed Sonja
   314 | D        | HP: 3/115 [poisoned by Sonja]
   315 | D        | Succumbed to Sonja's poison

Illustrated notes

Levels and vault maps discovered:
D:        dungeon_sprint_1 [red_sonja_temple_1, red_sonja_temple_small_1]

Skill      XL: |  1  2  3  4  5  6 |
---------------+-------------------+-----
Fighting       | 5 7 10 12 | 12.2
Axes           | 5 7 10 12 | 12.1
Armour         | 3 4 5 6 |  6.5
Dodging        | 3 4 5 |  5.9

Action                   |  1- 3 |  4- 6 |  7- 9 || total
-------------------------+-------+-------+-------++-------
Melee: Hand axe          |     6 |    14 |    12 ||    32
       Headbutt          |     2 |     4 |       ||     6
Invok: Berserk           |     1 |     3 |     1 ||     5
  Use: Potion            |       |       |     1 ||     1
Armor: Leather armour    |       |     1 |     2 ||     3
Dodge: Dodged            |     3 |     4 |     7 ||    14
